 Dungeon Crawl Stone Soup version 0.31.0-9-g3a7656b989 (webtiles) character file.

Game seed: 18175480328151309609

26 qw the Shooter (level 2, -2/14 HPs)
             Began as a Spriggan Hunter on Feb 2, 2024.
             Slain by Sigmund
             ... wielding a +0 heavy scythe
              (16 damage)
             ... on level 2 of the Dungeon.
             The game lasted 00:00:02 (917 turns).

qw the Shooter (Spriggan Hunter)                     Turns: 917, Time: 00:00:02

Health: -2/14      AC:  2    Str:  7    XL:     2   Next: 89%
Magic:  3/3        EV: 19    Int: 10    God:
Gold:   85         SH:  0    Dex: 18    Spells: 1/1 levels left

rFire   . . .        a - +0 shortbow
rCold   . . .        (shield currently unavailable)
rNeg    . . .        c - +0 robe
rPois   .            (helmet restricted)
rElec   .            (no cloak)
rCorr   .            (gloves unavailable)
SInv    +            (boots unavailable)
Will    .....        h - amulet of the acrobat
Stlth   ++           (no ring)
HPRegen 0.22/turn    (no ring)
MPRegen 0.08/turn

%: acrobat
@: very quick
A: very small, no large weapons, unfitting armour, see invisible, speed 3
a: no special abilities


You were on level 2 of the Dungeon.
You visited 1 branch of the dungeon, and saw 2 of its levels.

You collected 85 gold pieces.


Innate Abilities, Weirdness & Mutations

You are very small and have problems with some larger weapons.
You are too small for most types of armour.
You have supernaturally acute eyesight. (SInv)
You cover ground extremely quickly. (Speed+++)


   Skills:
 - Level 1.5 Fighting
 + Level 4.4 Ranged Weapons
 - Level 4.0 Dodging
 - Level 1.5 Stealth


You had one spell level left.
You didn't know any spells.
Your spell library was empty.

Inventory:

Hand Weapons
 a - a +0 shortbow (weapon)
Armour
 c - a +0 robe (worn)
Jewellery
 h - an amulet of the acrobat (around neck)
Scrolls
 d - 2 scrolls of teleportation
Potions
 b - a potion of resistance {unknown}
 e - a potion of mutation
 i - a potion of curing
 k - a potion of heal wounds {unknown}

Dungeon Overview and Level Annotations

Branches:
Dungeon (2/15)

Altars:

Annotations:
D:2 Sigmund


Message History

You kill the ball python!
There is a stone staircase leading up here.
Found a stone staircase leading down.
Found a stone staircase leading down.
You now have 85 gold pieces (gained 3).
b - a fuming dark potion 2 hobgoblins come into view.
You see here a potion of curing.
You shoot an arrow. The hobgoblin shouts!
The arrow hits the hobgoblin!
You kill the hobgoblin!
You hear a shout!
A goblin comes into view. It is wielding a +0 club.
You shoot an arrow. The arrow hits the hobgoblin.
The hobgoblin is lightly wounded.
You shoot an arrow. The arrow closely misses the hobgoblin.
You shoot an arrow. The arrow barely misses the hobgoblin.
You shoot an arrow. The arrow closely misses the hobgoblin.
The arrow closely misses the goblin.
The hobgoblin hits you.
You shoot an arrow. The arrow hits the hobgoblin.
You kill the hobgoblin!
The goblin barely misses you.
You shoot an arrow. The arrow barely misses the goblin.
Sigmund the Dreaded comes into view.
He is wielding a +0 heavy scythe.
The goblin completely misses you.
You shoot an arrow. The arrow barely misses the goblin.
Sigmund shouts!
The goblin barely misses you.
You shoot an arrow. The arrow completely misses the goblin.
The goblin barely misses you. The goblin hits you but does no damage.
You shoot an arrow. The arrow hits the goblin.
You kill the goblin!
You shoot an arrow. The arrow hits Sigmund.
Sigmund is lightly wounded.
Sigmund hits you from afar with a +0 heavy scythe!
Ouch! That really hurt!
You die...
Sigmund begins carving another notch in his scythe.

#.####....# #.
#.##.....># #.
#.##......#
#.####.##......#####
.####......##......#....
.....$............#..###
..............#.##.###
#.)........####.##.#
###@$@...# #.##.#####
#.....).##.# #.##...<..
#..##........>.........#
# ###.################
#.. # ##. # . # .# # #


You could see Sigmund.

Vanquished Creatures
  A dart slug (D:1)
  2 ball pythons
  5 endoplasms (D:1)
  A giant cockroach (D:1)
  2 goblins
  3 hobgoblins
  A kobold (D:1)
  2 quokkas (D:1)
  A bat (D:1)
  A rat (D:1)
19 creatures vanquished.

Notes
Turn   | Place    | Note
-------+----------+-------------------------------------------
     0 | D:1      | qw the Spriggan Hunter began the quest for the Orb.
     0 | D:1      | Reached XP level 1. HP: 10/10 MP: 2/2
     0 | D:1      | 0 ||| qw: Version: 0.3-a-155-g5e7d8dd
     0 | D:1      | 0 ||| qw: Game counter: 1590
     0 | D:1      | 0 ||| qw: Melee chars always use a shield: true
     0 | D:1      | 0 ||| qw: God list: Okawaru
     0 | D:1      | 0 ||| qw: Allow faded altars: false
     0 | D:1      | 0 ||| qw: Do Orc after clearing Dungeon:15 true
     0 | D:1      | 0 ||| qw: Do second Lair branch before Depths: true
     0 | D:1      | 0 ||| qw: Lair rune preference: random
     0 | D:1      | 0 ||| qw: Goals: Normal
     0 | D:1      | 0 ||| PLANNING D:1-11
    65 | D:1      | Reached skill level 3 in Dodging
   175 | D:1      | Reached XP level 2. HP: 14/14 MP: 3/3
   247 | D:1      | Found a faded altar of an unknown god.
   828 | D:1      | 828 ||| UPGRADING to amulet of the acrobat.
   833 | D:1      | 833 ||| DROPPING ring of magical power.
   834 | D:1      | 834 ||| READING 3 scrolls labelled POUNUIR FIUKH.
   839 | D:1      | 839 ||| READING scroll labelled HINE FEFUTZ.
   839 | D:1      | 839 ||| IDENTIFYING puce potion
   840 | D:1      | 840 ||| READING 2 scrolls labelled XAONLU NUUG.
   841 | D:1      | 841 ||| READING scroll labelled XIAZOTW CENU.
   842 | D:1      | 842 ||| READING scroll labelled GELOST UROVE.
   842 | D:1      | 842 ||| ENCHANTING +0 shortbow.
   843 | D:1      | 843 ||| DRINKING 2 black potions.
   844 | D:1      | 844 ||| DROPPING scroll of butterflies.
   845 | D:1      | 845 ||| DROPPING scroll of revelation.
   913 | D:2      | Noticed Sigmund
   917 | D:2      | Slain by Sigmund

Levels and vault maps discovered:
D:1:      ncdulo_lavacross, layout_basic, ebering_ecumenical_altar_petrified
D:2:      layout_loops_ring, uniq_sigmund

Skill      XL: |  1  2 |
---------------+-------+-----
Dodging        | 3 4 |  4.0
Fighting       | |  1.5
Ranged Weapons | |  4.4
Stealth        | |  1.5

Action                     || total
---------------------------++-------
   Fire: Shortbow          ||    49
    Use: Scroll            ||     5
         Potion            ||     1
 Armour: Robe              ||     4
  Dodge: Dodged            ||    15

Table legend:
 A = Non-vault XP
 B = Vault XP
 C = Vault XP percentage of total XP
 D = Non-vault monster count
 E = Vault monster count
 F = Vault count percentage of total count
                 A         B        C        D         E       F
            +---------+---------+-------+---------+---------+-------
      Total |      38 |       0 |   0.0 |      19 |       0 |   0.0
            +---------+---------+-------+---------+---------+-------
        D:1 |      30 |       0 |   0.0 |      15 |       0 |   0.0
        D:2 |       8 |       0 |   0.0 |       4 |       0 |   0.0
            +---------+---------+-------+---------+---------+-------
